Map: Неоновая площадь РВ

Players

Lambo

  • Race: Zerg Zerg
  • Spawn Location: 5:00

Elazer - Winner!

  • Race: Zerg Zerg
  • Spawn Location: 11:00

Event: WESG 2017 Haikou

VOD

Have the link to the VOD?

Description

Time

  • Played on: March 15, 2018, 10:34 p.m.
  • Length: 6:42

All games in this series

Show
View Real Time Build Order
Export as new Build Order

Lambo Zerg 

Build Orders: Hatch First, Zergling Baneling 

Get SALT Encoding   

  12  0:00  Drone  
  13  0:12  Overlord  
  13  0:17  Drone  
  14  0:31  Drone x2  
  16  0:49  Hatchery  
  15  0:52  Drone  
  15  0:55  Drone  
  17  0:59  Drone  
  17  1:03  Extractor  
  17  1:15  Spawning Pool  
  17  1:18  Drone  
  17  1:21  Drone  
  18  1:28  Drone  
  19  1:40  Drone  
  20  1:51  Overlord  
  20  2:02  Queen x2  
  20  2:03  Drone  
  20  2:04  Zergling x2  
  26  2:08  Metabolic Boost  
  26  2:12  Drone  
  26  2:15  Zergling x2  
  29  2:22  Zergling x2  
  29  2:28  Zergling x2  
  30  2:32  Baneling Nest, Zergling x2  
  30  2:34  Zergling x2  
  31  2:43  Zergling x2  
  32  2:44  Evolution Chamber  
  32  2:48  Spine Crawler  
  32  2:49  Zergling x2  
  31  2:55  Zergling x4  
  33  3:04  Zergling x2  
  34  3:07  Overlord  
  34  3:11  Overlord  
  34  3:12  Zergling x2  
  36  3:30  Zergling x10  
  42  3:38  Baneling x7  
  41  3:43  Zergling x4  
  42  3:49  Zergling x2  
  42  3:57  Zergling x4  
  43  4:08  Zergling x2  
  43  4:09  Zergling x4  
  43  4:15  Zergling x6  
  40  4:18  Zergling x4  
  40  4:23  Zerg Melee Weapons Level 1  
  38  4:28  Zergling x2  
  39  4:33  Zergling x4  
  39  4:38  Zergling x4  
  43  4:42  Zergling x2  
  42  4:54  Baneling x3  
  42  4:56  Zergling x4  
  44  5:12  Zergling x2  
  44  5:13  Zergling x6  
  43  5:15  Zergling x2  
  43  5:18  Zergling x2  
  44  5:22  Overlord  
  44  5:26  Overlord  
  44  5:36  Overlord  
  44  5:41  Zergling x4  
  44  5:42  Zergling x6  
  49  5:48  Zergling x4  
  43  6:04  Zergling x8  
  43  6:05  Zergling x2  
  43  6:10  Baneling x4  
  42  6:13  Baneling  
  42  6:17  Baneling  
Show
View Real Time Build Order
Export as new Build Order

Elazer Zerg - Winner!

Build Orders: Hatch First 

Get SALT Encoding   

  12  0:00  Drone  
  13  0:12  Overlord  
  13  0:17  Drone  
  14  0:30  Drone  
  14  0:31  Drone  
  14  0:35  Drone  
  17  0:51  Hatchery  
  17  0:55  Drone  
  17  0:58  Drone  
  18  1:06  Extractor  
  17  1:14  Spawning Pool  
  17  1:17  Drone  
  17  1:19  Drone  
  18  1:28  Drone  
  19  1:38  Drone  
  20  1:49  Drone  
  21  1:54  Evolution Chamber  
  21  2:00  Queen  
  22  2:03  Drone, Queen  
  22  2:04  Zergling x2  
  26  2:11  Overlord  
  26  2:15  Drone  
  27  2:24  Drone  
  27  2:26  Zerg Ground Armor Level 1  
  27  2:29  Drone  
  29  2:33  Drone  
  29  2:37  Drone  
  31  2:40  Queen  
  33  2:47  Overlord  
  33  2:49  Drone  
  34  2:54  Drone  
  35  2:59  Drone  
  35  3:02  Metabolic Boost  
  35  3:06  Drone  
  35  3:10  Drone x4  
  40  3:13  Drone  
  40  3:15  Drone  
  42  3:24  Overlord  
  42  3:27  Spine Crawler  
  42  3:29  Zergling x4  
  43  3:35  Evolution Chamber  
  43  3:37  Evolution Chamber  
  41  3:46  Zergling x4  
  41  3:47  Zergling x4  
  43  3:49  Evolution Chamber  
  43  3:52  Evolution Chamber  
  41  3:59  Zergling x2  
  41  4:00  Zergling x6  
  45  4:15  Zergling x6  
  45  4:28  Baneling Nest  
  45  4:29  Zergling x2  
  45  4:30  Zergling x4  
  47  4:34  Zerg Melee Weapons Level 1  
  47  4:38  Drone  
  46  4:47  Drone x2  
  46  4:51  Hatchery, Drone  
  48  4:58  Overlord  
  48  4:59  Drone x3  
  48  5:15  Zergling x6  
  48  5:16  Zergling x2  
  48  5:21  Zergling x6  
  53  5:27  Zergling x2  
  53  5:28  Zergling x4  
  56  5:29  Baneling x2  
  56  5:33  Baneling  
  56  5:34  Baneling x2  
  56  5:35  Zergling x2  
  57  5:39  Zergling x4  
  59  5:43  Lair  
  59  5:56  Overlord  
  59  5:59  Zergling x2  
  59  6:01  Overlord  
  59  6:05  Baneling x4  
  59  6:06  Overlord  
  59  6:07  Zergling x12  
  63  6:13  Baneling  
  63  6:17  Overlord  
  63  6:18  Zergling x8  
  71  6:20  Baneling  
Tags
 
Add a new tag
Caveats
  • Supply blocks, unpowered buildings, or Contaminate may cause inaccurate times.
  • Supply counts are checked every 10 seconds.